 Dungeon Crawl Stone Soup version 0.28-a0-938-gbc3f381ebc (webtiles) character file.

Game seed: 8347824523849971676

90 tnargy the Chopper (level 4, -7/40 HPs)
             Began as a Hill Orc Monk on Nov 29, 2021.
             Mangled by Grinder (9 damage)
             ... while paralysed by Grinder
             ... on level 2 of the Dungeon.
             The game lasted 00:09:07 (2515 turns).

tnargy the Chopper (Hill Orc Monk)                  Turns: 2515, Time: 00:09:08

Health: -7/40      AC:  6    Str: 14    XL:     4   Next: 56%
Magic:  4/4        EV:  2    Int: 10    God:
Gold:   27         SH:  0    Dex: 13    Spells: 3/3 levels left

rFire   . . .      SeeInvis .   a - +0 hand axe
rCold   . . .      Faith    .   f - +0 tower shield
rNeg    . . .      Spirit   .   m - +0 scale mail
rPois   .          Reflect  .   (no helmet)
rElec   .          Harm     .   j - scarf {repulsion}
rCorr   .          Rampage  .   (no gloves)
Will    .....                   (no boots)
Stlth   +.........              (no amulet)
HPRegen 0.13/turn               c - +4 ring of evasion
MPRegen 0.09/turn               (no ring)

@: paralysed, repel missiles
A: no striking features
a: no special abilities


You were on level 2 of the Dungeon.
You visited 1 branch of the dungeon, and saw 3 of its levels.

You collected 27 gold pieces.

Inventory:

Hand Weapons
 a - a +0 hand axe (weapon)
 b - a +0 hunting sling
Missiles
 d - 63 stones (quivered)
Armour
 f - a +0 tower shield (worn)
 j - a scarf of repulsion (worn)
 m - a +0 scale mail (worn)
Jewellery
 c - a +4 ring of evasion (left hand)
Scrolls
 g - a scroll of identify {unknown}
 h - a scroll of magic mapping {unknown}
Potions
 e - a potion of might {unknown}
 i - a potion of ambrosia {unknown}
 k - a potion of degeneration {unknown}
 l - 3 potions of curing


   Skills:
 + Level 4.2 Fighting
 * Level 5.4 Axes
 + Level 0.1 Throwing
 + Level 2.8 Dodging
 + Level 2.2 Stealth


You had 3 spell levels left.
You didn't know any spells.
Your spell library was empty.

Dungeon Overview and Level Annotations

Branches:
Dungeon (3/15)

Altars:

Annotations:
D:2 Grinder


Message History

Grinder barely misses you. Grinder gestures at you.
You barely resist. You barely miss Grinder.
Grinder is heavily wounded.
Grinder blinks!
Grinder says, "DUCK!"
Grinder blinks!
You start resting.
Grinder is nearby!
Grinder closely misses you.
You closely miss Grinder.
Grinder is moderately wounded.
Grinder closely misses you. Grinder gestures at you.
You resist with significant effort.
You closely miss Grinder.
Grinder is moderately wounded.
You block Grinder's attack.
You barely miss Grinder.
Grinder is moderately wounded.
Grinder hits you but does no damage. Grinder hits you.
You writhe in agony.
You hit Grinder.
Grinder is moderately wounded.
Grinder blinks!
No target in view!
You start resting.
Grinder is nearby!
You closely miss Grinder.
Grinder is moderately wounded.
Grinder gestures at you.
You suddenly lose the ability to move!
Grinder hits you.
You writhe in agony.
Grinder hits you but does no damage. Grinder hits you!
* * * LOW HITPOINT WARNING * * *
You writhe in agony.
* * * LOW HITPOINT WARNING * * *
Grinder hits you!
You die...

####.###..#..#.##..###.##.#######
.................................
####...........###.###.#..#######
#..##..###......###.#..####
####..##.....................#
..........###..###.###.#..####
..........# #..# #.# #.#..#
####..#######..###.###.#..# #
#............@5.....#..# #
#..#######.####.###.#..# # #..#
#...##.###.#..# # #..#
###.##........# # #..#
#####.##.#####.## # #..#
#<..........##.# # #..#
#####.##.##.##.# #
#..#########.##.##.##.# #
####................#.##.# #


You could see Grinder.

Vanquished Creatures
  Jessica (D:2)
  2 adders (D:2)
  A dart slug (D:2)
  4 bats
  5 endoplasms
  3 giant cockroaches
  7 goblins
  4 hobgoblins (D:2)
  6 jackals (D:1)
  2 quokkas
  A frilled lizard (D:2)
  A kobold (D:2)
  4 rats
41 creatures vanquished.

Notes
Turn   | Place    | Note
-------+----------+-------------------------------------------
     0 | D:1      | tnargy the Hill Orc Monk began the quest for the Orb.
     0 | D:1      | Reached XP level 1. HP: 19/19 MP: 1/1
   257 | D:1      | Reached XP level 2. HP: 22/27 MP: 2/2
   897 | D:2      | Reached XP level 3. HP: 20/33 MP: 3/3
  1260 | D:2      | Noticed Jessica
  1271 | D:2      | Killed Jessica
  1272 | D:2      | Reached skill level 5 in Axes
  1272 | D:2      | Reached XP level 4. HP: 16/40 MP: 4/4
  2423 | D:3      | Noticed Grinder
  2435 | D:3      | Paralysed by Grinder for 6 turns
  2452 | D:2      | Paralysed by Grinder for 2 turns
  2468 | D:2      | Paralysed by Grinder for 3 turns
  2511 | D:2      | Paralysed by Grinder for 5 turns
  2514 | D:2      | HP: 2/40 [Grinder (6)]
  2515 | D:2      | Mangled by Grinder

Illustrated notes

Levels and vault maps discovered:
D:1:      dpeg_arrival_tiny_a, layout_rooms
D:2:      layout_basic, uniq_jessica
D:3:      layout_basic, shapermc_ecumenical_altar_mp_vishouse, uniq_grinder

Skill      XL: |  1  2  3 |
---------------+----------+-----
Fighting       | 4 |  4.2
Stealth        | 2 |  2.2
Axes           | 5 |  5.4
Throwing       | |  0.1
Dodging        | |  2.8

Action                   |  1- 3 |  4- 6 || total
-------------------------+-------+-------++-------
Melee: Hand axe          |   101 |    66 ||   167
 Fire: Hunting sling     |       |     3 ||     3
  Use: Potion            |     1 |     1 ||     2
Armor: Robe              |    12 |       ||    12
       Ring mail         |    21 |     4 ||    25
       Scale mail        |       |    16 ||    16
Dodge: Dodged            |    56 |    22 ||    78
Block: Tower shield      |    33 |    34 ||    67

Table legend: (Time is in decaauts)
 A = Elapsed time spent in this place.
 B = Non-inter-level travel time spent in this place.
 C = Inter-level travel time spent in this place.
 D = Time resting spent in this place.
 E = Time spent auto-exploring this place.
 F = Levels seen in this place.
 G = Mean time per level.
                   A        B        C        D        E       F      G
               +--------+--------+--------+--------+--------+-----+--------+
         Total |   2582 |   2561 |     21 |    531 |   1475 |   3 |  860.7 |
       Dungeon |   2582 |   2561 |     21 |    531 |   1475 |   3 |  860.7 |
               +--------+--------+--------+--------+--------+-----+--------+

Top non-repeatable levels by time:
     D:2: 1664 daAuts
     D:1: 898 daAuts
     D:3: 19 daAuts
